AoeStats
← 主打抽象

Arabia

510671150Analyzed
1v1 RM · 13h ago on Oct 2, 2026· 40m 46s· 2 players
Game mode
Random Map
Map size
Tiny (2 player)
Population
200
Speed
Normal
Resources
Standard
Victory
Conquest
Starting age
Dark Age
Ending age
Imperial Age
RankedLock teamsTeams togetherTeam positionsShared explorationLock speedFull tech treeHidden civsTurbo modeCheats
Victory
Defeat
🇺🇸 Bengalis · United States
1942
+10
🇨🇳 Lithuanians · China
1794
-10
主打抽象
6:10 Loom
8:19 Feudal Age
8:56 Double-Bit Axe
10:38 Town Watch
17:48 Wheelbarrow
20:15 Castle Age
18:30 Horse Collar
20:02 Fletching
21:54 Bow Saw
24:10 Scale Barding Armor
25:36 Chain Barding Armor
28:49 Light Cavalry
29:59 Bloodlines
31:20 Gold Mining
32:29 Forging
36:48 Imperial Age
34:49 Bodkin Arrow
34:23 Elite Skirmisher
35:35 Padded Archer Armor
36:44 Hand Cart
36:48 Leather Archer Armor
37:31 Bracer
39:25 Ballistics
41:47 Chemistry
katzzlikemeowmix
5:49 Loom
8:49 Feudal Age
10:23 Double-Bit Axe
10:38 Horse Collar
19:06 Castle Age
18:33 Fletching
18:44 Gold Mining
19:48 Bodkin Arrow
19:26 Crossbowman
21:26 Padded Archer Armor
20:59 Light Cavalry
22:48 Ballistics
23:52 Bow Saw
26:26 Wheelbarrow
25:37 Town Watch
27:22 Stone Mining
31:54 Imperial Age
30:12 Heavy Plow
30:35 Padded Archer Armor
32:57 Bracer
32:20 Arbalester
34:10 Chemistry
34:34 Hand Cart
35:23 Two-Man Saw
35:23 Leather Archer Armor
35:08 Scale Mail Armor
36:37 Conscription
37:25 Ring Archer Armor
37:02 Scale Barding Armor
37:07 Forging
37:35 Bloodlines
37:26 Husbandry
38:03 Chain Mail Armor
38:58 Mahayana
38:24 Elite Battle Elephant
39:38 Chain Barding Armor
40:43 Iron Casting
41:20 Masonry
Connection lost

Rejoining the realm…

Still unreachable

The connection could not be restored.

Session expired

The server has moved on; the page needs a fresh start.